Unix NetHack Version 3.7.0-97 Work-in-progress - last build Jan 28 2024 04:41:54 (eae211b052f4c4d875b52ed558e44d2f93f0896c,branch:master). Game began 2024-02-03 17:37:42, ended 2024-02-03 17:41:05. elenmirie, lawful female human Knight -------- # ----------- ----- ----- |......-# ---------###########..........| |(((| |...| ##-......|# |.......|# |.........| |(m@| |...| # |......|# |.......|## +.......... |.@.| |...-###### --------# #-.......|# --------|-- ---+- --|-- ## #|.......|# ## # ## # #|........## # # # # #|...<...|## #### # # # #--------- ######### ### # -----.- # ### ############# -.-.-- |.....| # ##### -----|---------# |....| |.....| # #### # +.............|# .....| |.....| ##### ## |.............|# |....| |......####################---------# |.............|#######-....| ------- # |.......|# --------------- ------ ##-..>.....# |.......| --------- Elenmirie the Gallant St:13 Dx:8 Co:12 In:9 Wi:16 Ch:17 Lawful Dlvl:3 $:28 HP:0(16) Pw:5(5) AC:3 Xp:1/19 T:1070 Burdened Latest messages: You swap places with Arod. You swap places with Arod. You swap places with Arod. You swap places with Arod. You have a little trouble lifting $ - 4 gold pieces (28 in total). You miss the brown mold. You are suddenly very cold! You kill the brown mold! The door opens. You miss the gecko. Arod misses the gecko. Arod misses the gecko. Arod misses the gecko. Arod misses the gecko. You miss the gecko. Arod misses the gecko. Arod misses the gecko. You kill the gecko! You see here a gecko corpse. There is a gecko corpse here; eat it? [ynq] (n) y This gecko corpse tastes okay. You finish eating the gecko corpse. The door opens. You swap places with Arod. You see here a brilliant blue potion. You have a little trouble lifting j - a brilliant blue potion (2 in total). You swap places with Arod. You swap places with Arod. You find a hidden door. The door opens. You see here a chest. Hmmm, the chest turns out to be locked. Arod picks up a locked chest. Arod drops a locked chest. Arod picks up a locked chest. "Salutations, elenmirie! Welcome to Rellenk's hardware store!" In what direction? j The door closes. You see here a bag (for sale, 2 zorkmids). Wait! That's a small mimic! You hit the small mimic. The small mimic hits! The small mimic hits! You die... Rellenk gratefully inherits all your possessions. Do you want to see what you had when you died? [ynq] (y) y Do you want to see your attributes? [ynq] (y) y Do you want an account of creatures vanquished? [ynaq] (y) y Do you want to see your conduct and achievements? [ynq] (y) y Do you want to see the dungeon overview? [ynq] (y) y Inventory: Coins $ - 28 gold pieces Weapons a - an uncursed +1 long sword (weapon in right hand) n - an uncursed +0 long sword b - an uncursed +1 lance (alternate weapon; not wielded) Armor d - an uncursed +0 helmet (being worn) f - an uncursed +0 pair of leather gloves (being worn) e - an uncursed +0 small shield (being worn) o - a blessed +0 orcish cloak (being worn) c - an uncursed +1 ring mail (being worn) Comestibles g - 11 uncursed apples h - 13 uncursed carrots l - 2 uncursed food rations Scrolls m - an uncursed scroll of teleportation Potions p - an uncursed potion of blindness j - 2 uncursed potions of booze k - an uncursed potion of paralysis Tools i - an uncursed bell Elenmirie the Knight's attributes: Background: You were a Gallant, a level 1 female human Knight. You were lawful, nominally on a mission for Lugh who was opposed by Brigit (neutral) and Manannan Mac Lir (chaotic). You were right-handed. You were in the Dungeons of Doom, on level 3. You entered the dungeon 1070 turns ago. You had 19 experience points, 1 more was needed to attain level 2. Basics: You had 0 out of 16 hit points. You had all 5 energy points (spell power). Your armor class was 3. Your wallet contained 28 zorkmids. Autopickup was on, but temporarily disabled while inside the shop. Final Characteristics: Your strength was 13 (limit:18/100). Your dexterity was 8 (limit:18). Your constitution was 12 (limit:18). Your intelligence was 9 (limit:18). Your wisdom was 16 (limit:18). Your charisma was 17 (limit:18). Final Status: You weren't hungry. You were burdened; movement was slightly slowed. You were wielding a long sword. You had basic skill with long sword. Final Attributes: You were devoutly aligned. You could jump. You were warded. You are dead. Miscellaneous: You never encountered a bones level. Total elapsed playing time was 3 minutes and 23 seconds. Major events: Turn 1: elenmirie the lawful female human Knight entered the dungeon 667: entered the Gnomish Mines 1070: killed by a small mimic Vanquished creatures: a brown mold a gecko 2 jackals a kobold a sewer rat a grid bug 3 lichens 3 newts 13 creatures vanquished. No species were genocided or became extinct. Voluntary challenges: You were an atheist. You were illiterate. You never engraved Elbereth. You never genocided any monsters. You never polymorphed an object. You never changed form. You used no wishes. Achievements: You entered the Gnomish Mines. You entered a shop. The Dungeons of Doom: levels 1 to 3 Level 1: A grave. Level 2: Stairs down to The Gnomish Mines. Level 3: <- You were here. A shop. Final resting place for you, killed by a small mimic. The Gnomish Mines: Level 3: Game over: ---------- / \ / REST \ / IN \ / PEACE \ / \ | elenmirie | | 28 Au | | killed by a | | small mimic | | | | | | 2024 | *| * * * | * _________)/\\_//(\/(/\)/\//\/|_)_______ Fare thee well elenmirie the Knight... You died in The Dungeons of Doom on dungeon level 3 with 202 points, and 28 pieces of gold, after 1070 moves. You were level 1 with a maximum of 16 hit points when you died.